 Dungeon Crawl Stone Soup version 0.30.1 (webtiles) character file.

Game seed: 16989212829274142994

32 Graphine the Sneak (level 3, 0/22 HPs)
             Began as a Kobold Brigand on July 4, 2023.
             Slain by a hobgoblin (3 damage)
             ... led by Robin
             ... on level 2 of the Dungeon.
             The game lasted 00:01:41 (955 turns).

Graphine the Sneak (Kobold Brigand)                  Turns: 955, Time: 00:01:41

Health: 0/22       AC:  3    Str:  8    XL:     3   Next: 42%
Magic:  3/3        EV: 15    Int: 12    God:
Gold:   80         SH:  0    Dex: 18    Spells: 2/2 levels left

rFire   . . .        a - +2 dagger
rCold   . . .        (no shield)
rNeg    . . .        b - +0 robe
rPois   .            (no helmet)
rElec   .            c - +0 cloak
rCorr   .            (no gloves)
SInv    .            (no boots)
Will    .....        (no amulet)
Stlth   ++++         (no ring)
HPRegen 0.23/turn    (no ring)
MPRegen 0.08/turn

%: no passive effects
@: no status effects
A: small, no large weapons, nightstalker 3
a: no special abilities


You were on level 2 of the Dungeon.
You visited 1 branch of the dungeon, and saw 2 of its levels.

You collected 80 gold pieces.

Inventory:

Hand Weapons
 a - a +2 dagger (weapon)
Missiles
 d - 8 poisoned darts (quivered)
 e - 2 curare-tipped darts
Armour
 b - a +0 robe (worn)
 c - a +0 cloak (worn)
Potions
 f - a potion of flight {unknown}
 g - a potion of cancellation {unknown}


   Skills:
 + Level 2.3 Fighting
 * Level 3.2 Short Blades
 + Level 2.4 Throwing
 * Level 2.1 Dodging
 * Level 5.6 Stealth
 * Level 1.2 Evocations


You had 2 spell levels left.
You didn't know any spells.
Your spell library contained the following spells:

 Spells                   Type           Power      Damage    Failure   Level
 Shock                    Conj/Air       0%         1d3       32%         1
 Summon Guardian Golem    Hex/Summ       0%         N/A       69%         3
 Swiftness                Air            0%         N/A       69%         3
 Airstrike                Air            0%         2d(0-16)  97%         4
 Orb of Destruction       Conj           0%         9d5       100%        7
 Spellforged Servitor     Conj/Summ      0%         N/A       100%        7


Dungeon Overview and Level Annotations

Branches:
Dungeon (2/15)

Altars:
Hepliaklqana

Annotations:
D:2 Robin


Innate Abilities, Weirdness & Mutations

You are small and have problems with some larger weapons.
You are completely attuned to the shadows.


Message History

You hit the goblin.
You kill the goblin!
Unknown command.
Hit: a) +2 dagger
Press: ? - help, Dir - move target, f - frilled lizard
Aim: a frilled lizard (about 45% to evade your +2 dagger)
You hit the frilled lizard.
You kill the frilled lizard!
Robin throws the goblin at you!
Unknown command.
Hit: a) +2 dagger
Press: ? - help, Dir - move target, f - goblin
Aim: a goblin, wielding a +0 club (strong, about 37% to evade your +2 dagger)
You closely miss the goblin.
A kobold comes into view. It is wielding a +0 short sword.
The goblin hits you with a +0 club.
Robin's bangles clink loudly.
Robin throws the goblin at you! The hobgoblin barely misses you.
You aren't carrying any scrolls.
Throw: 8 darts (poison)
Press: ? - help, Q - select action, (/) - cycle Shift-Dir - straight line, f/p - goblin
Aim: a goblin, wielding a +0 club (strong, 56% to hit)
Okay, then.
Throw: 3 darts (curare)
Press: ? - help, Shift-Dir - straight line, f - Robin, p - goblin
Aim: Robin, wielding a +0 dagger, wearing a +0 animal skin, wearing a +1 helmet and carrying a wand of polymorph (12) (70% to hit)
You throw a curare-tipped dart.
The curare-tipped dart completely misses the hobgoblin.
The curare-tipped dart hits Robin.
Robin is poisoned.
Robin convulses.
Robin seems to slow down.
Robin is heavily wounded.
The goblin hits you with a +0 club. The goblin barely misses you.
The hobgoblin hits you.
* * * LOW HITPOINT WARNING * * *
You hit the goblin but do no damage. The goblin barely misses you.
The hobgoblin completely misses you. The goblin barely misses you.
You hit the goblin.
The goblin is heavily wounded.
The goblin misses you. The goblin barely misses you. The hobgoblin hits you.
You die...

#..............
#......<..))†..
#..............
######.>............
#......#.....#.....#
#.###############...
#.### #### #.gg#
###@# #### #g## ....
#gg##.g.. ##gK..g..
###..... #....#
....## g###... ..
##.


You could see Robin (very poisoned, slow), 2 hobgoblins, 3 goblins and a kobold.

Vanquished Creatures
  A dart slug (D:2)
  2 ball pythons (D:1)
  An endoplasm (D:1)
  3 giant cockroaches
  3 goblins
  2 hobgoblins
  3 jackals (D:1)
  4 kobolds
  2 bats
  3 frilled lizards
  3 rats (D:1)
27 creatures vanquished.

Notes
Turn   | Place    | Note
-------+----------+-------------------------------------------
     0 | D:1      | Graphine the Kobold Brigand began the quest for the Orb.
     0 | D:1      | Reached XP level 1. HP: 12/12 MP: 1/1
   187 | D:1      | Reached XP level 2. HP: 6/17 MP: 2/2
   569 | D:1      | Reached skill level 1 in Evocations
   705 | D:1      | Reached XP level 3. HP: 22/22 MP: 3/3
   761 | D:1      | Found a faded altar of an unknown god.
   865 | D:2      | Found a hazy altar of Hepliaklqana.
   935 | D:2      | Noticed Robin
   955 | D:2      | Slain by a hobgoblin

Illustrated notes

Levels and vault maps discovered:
D:1:      dpeg_arrival_renting, layout_rooms,
          shapermc_ecumenical_altar_mp_vishouse, kennysheep_decorative_pillar,
          hangedman_decor_lopped
D:2:      layout_rooms, basic_altar, serial_shops, shop, uniq_jessica,
          uniq_robin

Skill      XL: |  1  2  3 |
---------------+----------+-----
Short Blades   | 3 |  3.2
Evocations     | 1 |  1.2
Dodging        | 2 |  2.1
Fighting       | |  2.3
Throwing       | |  2.4
Stealth        | |  5.6

Action                     || total
---------------------------++-------
  Melee: Dagger            ||    85
         Punch             ||     1
  Throw: Dart              ||     2
    Use: Scroll            ||     1
   Stab: Sleeping          ||    15
 Armour: Robe              ||    23
  Dodge: Dodged            ||    71
